 Dungeon Crawl Stone Soup version 0.29-a0-520-gc852659d43 (webtiles) character file.

Game seed: 5761355987364923305

4482 Nedwor the Basher (level 10, -6/66 HPs)
             Began as a Gargoyle Gladiator on May 31, 2022.
             Was a Believer of the Shining One.
             Mangled by a tengu warrior
             ... wielding a +1 vorpal great mace
              (14 damage)
             ... on level 8 of the Dungeon.
             The game lasted 00:09:22 (7622 turns).

Nedwor the Basher (Gargoyle Gladiator)              Turns: 7622, Time: 00:09:23

Health: -6/66      AC: 17    Str: 30    XL:     10   Next: 38%
Magic:  10/10      EV:  9    Int:  9    God:    the Shining One [**....]
Gold:   411        SH:  0    Dex: 11    Spells: 9/9 levels left

rFire   + . .      SeeInvis .   o - +11 whip of Wyrd {vorpal, rC+ Str+8}
rCold   + . .      Faith    .   (no shield)
rNeg    + + .      Spirit   .   t - +0 chain mail
rPois   ∞          Reflect  .   c - +0 helmet
rElec   +          Harm     .   (no cloak)
rCorr   .          Rampage  .   w - +0 pair of gloves
Will    .....                   (no boots)
Stlth   ..........              (no amulet)
HPRegen 0.21/turn               B - ring of protection from fire
MPRegen 0.12/turn               (no ring)

@: glowing
A: sickness immunity, AC +7, negative energy resistance 1, electricity
resistance, torment resistance 1, petrification resistance
a: Renounce Religion, Divine Shield


You were on level 8 of the Dungeon.
You worshipped the Shining One.
The Shining One was pleased with you.
You visited 2 branches of the dungeon, and saw 9 of its levels.

You collected 411 gold pieces.

Inventory:

Hand Weapons
 o - the +11 whip of Wyrd (weapon) {vorpal, rC+ Str+8}
   (You found it on level 2 of the Dungeon)

   It inflicts extra damage upon your enemies.
   Str:       It affects your strength (+8).
   rC:        It protects you from cold.
Missiles
 d - 4 throwing nets (quivered)
 e - 8 javelins
Armour
 c - a +0 helmet (worn)
 t - a +0 chain mail (worn)
 w - a +0 pair of gloves (worn)
Jewellery
 m - a ring of magical power
 s - a ring of magical power
 B - a ring of protection from fire (left hand)
 D - a +4 ring of slaying
 G - a ring of see invisible
Wands
 E - a wand of iceblast (12)
Scrolls
 f - 2 scrolls of fear
 i - 2 scrolls of blinking
 k - a scroll of noise {unknown}
 n - 7 scrolls of poison {unknown}
 p - a scroll of magic mapping {unknown}
 q - a scroll of silence {unknown}
 v - a scroll of vulnerability {unknown}
 x - a scroll of amnesia {unknown}
 y - a scroll of enchant armour {unknown}
 z - 3 scrolls of identify {unknown}
 A - a scroll of acquirement {unknown}
 C - a scroll of teleportation {unknown}
Potions
 a - 2 potions of might {unknown}
 b - a potion of magic {unknown}
 g - 5 potions of curing {unknown}
 h - a potion of mutation {unknown}
 j - 4 potions of heal wounds {unknown}
 l - a potion of attraction {unknown}
 r - 2 potions of degeneration {unknown}
 u - a potion of resistance {unknown}
 F - a potion of berserk rage {unknown}


   Skills:
 + Level 9.3 Fighting
 * Level 10.5(11.4) Maces & Flails
 - Level 7.1(9.8) Staves
 - Level 1.7 Throwing
 - Level 2.4 Dodging


You had 9 spell levels left.
You didn't know any spells.
Your spell library contained the following spells:

 Spells                   Type           Power      Damage    Failure   Level
 Apportation              Tloc           0%         N/A       93%         1
 Beastly Appendage        Tmut           0%         N/A       93%         1
 Necrotize                Necr           0%         1d4       93%         1
 Slow                     Hex            0%         N/A       93%         1
 Sting                    Tmut/Pois      0%         1d3       93%         1
 Summon Small Mammal      Summ           0%         N/A       93%         1
 Poisonous Vapours        Pois/Air       0%         N/A       98%         2
 Wereblood                Tmut           0%         N/A       98%         2
 Confusing Touch          Hex            0%         N/A       100%        3
 Spider Form              Tmut/Pois      0%         N/A       100%        3
 Tukima's Dance           Hex            0%         N/A       100%        3
 Vampiric Draining        Necr           0%         2d6       100%        3
 Olgreb's Toxic Radiance  Pois           0%         N/A       100%        4
 Passage of Golubria      Tloc           0%         N/A       100%        4
 Yara's Violent Unravell  Hex/Tmut       0%         3d3       100%        5


Dungeon Overview and Level Annotations

Branches:
Dungeon (8/15)             Temple (1/1) D:5
   Lair: D:8-11

Altars:
Ashenzari
Cheibriados
Dithmenos
Elyvilon
Fedhas
Gozag
Hepliaklqana
Kikubaaqudgha
Makhleb
Okawaru
Qazlal
Ru
Sif Muna
Trog
Uskayaw
Vehumet
Wu Jian
Xom
Yredelemnul
Zin
The Shining One


Innate Abilities, Weirdness & Mutations

You are immune to sickness and miasma.
Your stone body is resilient. (AC +7)
You are immune to poison.
You resist negative energy. (rN+)
You are resistant to electric shocks. (rElec)
You are resistant to unholy torment.
You are immune to petrification.


Message History

The orc dies!
The bolt of lightning hits you! You resist.
Things that are here:
a +0 flail; a +0 plate armour The tengu warrior shouts!
You see here a +0 club.
You thrash the tengu conjurer!!
The tengu conjurer is severely wounded.
You hit the tengu conjurer.
The tengu conjurer is almost dead.
The tengu conjurer hits you.
The tengu conjurer pecks you but does no damage.
The tengu conjurer claws you but does no damage.
You closely miss the tengu conjurer.
The tengu conjurer is almost dead.
You hit the tengu conjurer.
You kill the tengu conjurer!
The battlesphere dissipates.
Found a trident.
The tengu warrior hits you with a +1 vorpal great mace!
The tengu warrior pecks you but does no damage.
The tengu warrior claws you but does no damage.
You closely miss the tengu warrior.
The tengu warrior hits you with a +1 vorpal great mace!
* * * LOW HITPOINT WARNING * * *
x2 The tengu warrior barely misses you.
The tengu warrior claws you but does no damage.
You barely miss the tengu warrior. You completely miss the tengu warrior.
The tengu warrior hits you with a +1 vorpal great mace.
* * * LOW HITPOINT WARNING * * *
x2 The tengu warrior pecks you.
* * * LOW HITPOINT WARNING * * *
The tengu warrior claws you but does no damage.
You thrash the tengu warrior!!
The tengu warrior is moderately wounded.
You whack the tengu warrior!
The tengu warrior is heavily wounded.
The tengu warrior hits you with a +1 vorpal great mace!
You die...

........#........#
........#........#
.......###.###'#.#
.......###.# #.#.#
...........# #.#)#
###........# #.#)#
#...>........#)# #
###........#####.#)#
................@..#
#######...######Q##.....
#...# #.# .... #.....
.°. ... #..... ... ..
..... . #####.# .....
......+ ....... ......#


You could see a tengu warrior.

Vanquished Creatures
  Maurice (D:8)
  A tengu conjurer (D:8)
  A hornet (D:8)
  2 wyverns (D:8)
  4 water moccasins
  3 orc warriors
  4 sky beasts
  2 black bears
  2 ogres
  2 centaurs
  A phantom (D:5)
  2 necrophages
  2 scorpions
  A gnoll sergeant (D:6)
  13 wights
  A gnoll shaman (D:6)
  A hound (D:4)
  A jelly (D:7)
  3 orc priests
  7 orc wizards
  2 iguanas
  19 gnolls
  4 adders
  A shadow imp (D:5)
  6 white imps
  An ufetubus (D:5)
  3 dart slugs
  22 orcs
  4 ball pythons
  3 bats
  8 endoplasms
  8 giant cockroaches
  5 goblins
  4 hobgoblins
  3 jackals (D:1)
  5 quokkas
  3 frilled lizards
  4 kobolds
  3 rats
162 creatures vanquished.

Vanquished Creatures (others)
  An orc (D:8)
  2 plants (D:3)
3 creatures vanquished.

Grand Total: 165 creatures vanquished

Notes
Turn   | Place    | Note
-------+----------+-------------------------------------------
     0 | D:1      | Nedwor the Gargoyle Gladiator began the quest for the Orb.
     0 | D:1      | Reached XP level 1. HP: 12/12 MP: 1/1
   280 | D:1      | Reached XP level 2. HP: 12/18 MP: 2/2
   869 | D:2      | Identified the +11 whip of Wyrd {vorpal, rC+ Str+8}
   877 | D:2      | Reached XP level 3. HP: 22/22 MP: 3/3
  1433 | D:3      | Reached XP level 4. HP: 26/28 MP: 4/4
  1437 | D:3      | Reached skill level 1 in Maces & Flails
  1780 | D:3      | Reached XP level 5. HP: 32/32 MP: 5/5
  2245 | D:4      | Reached skill level 2 in Maces & Flails
  2245 | D:4      | Reached skill level 5 in Staves
  2378 | D:4      | Reached XP level 6. HP: 30/38 MP: 6/6
  2668 | D:4      | Identified the +1 robe of Blue Life {Fly rF+ Dex+3}
  2755 | D:5      | Entered Level 5 of the Dungeon
  3412 | D:5      | Noticed a water moccasin
  3416 | D:5      | Killed a water moccasin
  3417 | D:5      | Reached skill level 3 in Maces & Flails
  3417 | D:5      | Reached XP level 7. HP: 44/44 MP: 7/7
  3793 | D:5      | Reached skill level 5 in Fighting
  4025 | D:5      | Found a staircase to the Ecumenical Temple.
  4036 | D:5      | Reached XP level 8. HP: 47/49 MP: 8/8
  4043 | Temple   | Entered the Ecumenical Temple
  4225 | Temple   | Became a worshipper of the Shining One
  4908 | D:6      | Reached skill level 4 in Maces & Flails
  5352 | D:6      | Reached skill level 5 in Maces & Flails
  5388 | D:6      | Reached skill level 6 in Maces & Flails
  5544 | D:6      | Reached XP level 9. HP: 8/56 MP: 9/9
  5835 | D:6      | Reached * piety under the Shining One
  5846 | D:6      | Reached skill level 7 in Maces & Flails
  6355 | D:7      | Reached skill level 8 in Maces & Flails
  7127 | D:8      | Noticed Maurice
  7143 | D:8      | Killed Maurice
  7144 | D:8      | Reached skill level 9 in Maces & Flails
  7236 | D:8      | Reached ** piety under the Shining One
  7248 | D:8      | Reached XP level 10. HP: 65/65 MP: 10/10
  7363 | D:8      | Reached skill level 10 in Maces & Flails
  7610 | D:8      | Noticed a tengu warrior
  7622 | D:8      | Mangled by a tengu warrior

Illustrated notes

Levels and vault maps discovered:
D:1:      dreamdust_arrival_beginning_and_end, layout_loops_ring
D:2:      layout_loops_ring, nicolae_concentric_dashed_squares_mild
D:3:      layout_basic, nicolae_grassy_gnolls
D:4:      layout_rooms
D:5:      layout_gridville, minmay_temple_entry_glass, gup_sewer_entry_pipe
D:6:      layout_loops_ring
D:7:      layout_loops_ring
D:8:      layout_basic, uniq_maurice
Temple:   mainiacjoe_temple_starburst

Skill      XL: |  1  2  3  4  5  6  7  8  9 10 |
---------------+-------------------------------+-----
Staves         | 4 5 6 7 |  7.1
Fighting       | 3 4 5 6 8 9 |  9.3
Maces & Flails | 1 2 3 6 9 10 | 10.5
Throwing       | |  1.7
Dodging        | |  2.4

Action                   |  1- 3 |  4- 6 |  7- 9 | 10-12 || total
-------------------------+-------+-------+-------+-------++-------
Melee: Quarterstaff      |    31 |       |       |       ||    31
       Whip              |    21 |    93 |   195 |    61 ||   370
       Punch             |       |     2 |     2 |     1 ||     5
  Use: Scroll            |       |       |       |     2 ||     2
 Stab: Sleeping          |     1 |       |       |       ||     1
Armor: Leather armour    |    17 |     5 |       |       ||    22
       Chain mail        |       |    34 |    85 |    29 ||   148
Dodge: Dodged            |    28 |    35 |    75 |    15 ||   153

Table legend: (Time is in decaauts)
 A = Elapsed time spent in this place.
 B = Non-inter-level travel time spent in this place.
 C = Inter-level travel time spent in this place.
 D = Time resting spent in this place.
 E = Time spent auto-exploring this place.
 F = Levels seen in this place.
 G = Mean time per level.
                   A        B        C        D        E       F      G
               +--------+--------+--------+--------+--------+-----+--------+
         Total |   7543 |   7330 |    213 |    841 |   5561 |   9 |  838.1 |
       Dungeon |   6957 |   6827 |    130 |    841 |   5062 |   8 |  869.6 |
        Temple |    585 |    502 |     83 |      0 |    499 |   1 |  585.0 |
               +--------+--------+--------+--------+--------+-----+--------+

Top non-repeatable levels by time:
     D:5: 1560 daAuts
     D:6: 1404 daAuts
     D:1: 802 daAuts
     D:3: 796 daAuts
     D:7: 658 daAuts
     D:2: 626 daAuts
  Temple: 585 daAuts
     D:8: 582 daAuts
     D:4: 527 daAuts
